 Dungeon Crawl Stone Soup version 0.29.1-12-g30fa7ad0bf (webtiles) character file.

Game seed: 6327560535436956472

92826 soggyman666 the Severer (level 15, -4/134 (139) HPs)
             Began as a Minotaur Fighter on Dec 29, 2022.
             Was the Champion of Trog.
             Slain by a sun demon (10 damage)
             ... on level 14 of the Dungeon.
             The game lasted 01:34:22 (28098 turns).

soggyman666 the Severer (Minotaur Fighter)         Turns: 28098, Time: 01:34:22

HP:   -4/134 (139)  AC: 27    Str: 32    XL:     15   Next: 59%
MP:   5/14          EV: 13    Int:  4    God:    Trog [******]
Gold: 1362          SH: 18    Dex: 18    Spells: 14/14 levels left

rFire   . . .      SeeInvis .   S - +8 war axe (drain)
rCold   . . .      Faith    .   I - +5 kite shield
rNeg    + . .      Spirit   .   e - +2 plate armour {Will+}
rPois   +          Reflect  .   (helmet restricted)
rElec   .          Harm     .   t - +2 ratskin cloak {*Rats rPois rN+ Str-1 Int-1 Dex+1}
rCorr   .          Rampage  .   V - +1 pair of gloves
Will    ++...                   U - +2 pair of boots {Fly}
Stlth   ..........              Y - amulet of regeneration
HPRegen 1.12/turn               L - +6 ring of strength
MPRegen 0.14/turn               c - +6 ring of dexterity

@: about to teleport, weakened, flying, lightly drained
A: horns 2, retaliatory headbutt
a: Renounce Religion, Berserk, Trog's Hand, Brothers in Arms


You were on level 14 of the Dungeon.
You worshipped Trog.
Trog was exalted by your worship.
You visited 5 branches of the dungeon, and saw 23 of its levels.
You also visited: Sewer and Bailey.

You collected 2533 gold pieces.
You spent 1171 gold pieces at shops.

Inventory:

Hand Weapons
 a - a +4 vorpal broad axe
 O - the +6 flail "Dyaxzy" {flame, Int+3 Dex+4}
   (You found it on level 8 of the Dungeon)

   It burns those it strikes, dealing additional fire damage.
   Int:       It affects your intelligence (+3).
   Dex:       It affects your dexterity (+4).
 S - a +8 war axe of draining (weapon)
Missiles
 b - 9 javelins (quivered)
 d - 17 curare-tipped darts
 f - a silver boomerang
 r - 16 atropa-tipped darts
 s - 71 poisoned darts
 P - 2 throwing nets
Armour
 e - a +2 plate armour of willpower (worn)
 k - a +0 ring mail of fire resistance
 t - the +2 ratskin cloak (worn) {*Rats rPois rN+ Str-1 Int-1 Dex+1}
   (You bought it in a shop on level 8 of the Dungeon)

   When the wearer is hurt, rats may emerge from it to assist them.
   Str:       It affects your strength (-1).
   Int:       It affects your intelligence (-1).
   Dex:       It affects your dexterity (+1).
   rPois:     It protects you from poison.
   rN:        It protects you from negative energy.
 y - +0 acid dragon scales
 F - a +2 kite shield of reflection
 I - a +5 kite shield (worn)
 U - a +2 pair of boots of flying (worn)
 V - a +1 pair of gloves (worn)
Jewellery
 c - a +6 ring of dexterity (right hand)
 g - a ring of protection from cold
 j - the ring of the Clam {+Blink rPois}
   (You took it off a kobold brigand in a bailey)

   [ring of poison resistance]

   rPois:     It protects you from poison.
   +Blink:    It lets you blink.
 J - a ring of fire
 K - a ring of see invisible
 L - a +6 ring of strength (left hand)
 N - a ring of resist corrosion
 Y - an amulet of regeneration (around neck)
Wands
 w - a wand of paralysis (6)
 E - a wand of mindburst (14)
 G - a wand of iceblast (24)
 M - a wand of digging (2)
 W - a wand of acid (10)
Scrolls
 l - 4 scrolls of fear
 m - 7 scrolls of butterflies
 n - 2 scrolls of summoning
 p - 2 scrolls of blinking
 q - a scroll of teleportation
 Q - a scroll of poison
 R - 2 scrolls of magic mapping
Potions
 h - 3 potions of haste
 i - 3 potions of invisibility
 o - 9 potions of curing
 z - 3 potions of cancellation
 A - 2 potions of lignification
 C - 3 potions of resistance
 D - 2 potions of attraction {unknown}
 H - 3 potions of heal wounds
 T - 2 potions of might
Miscellaneous
 u - a phantom mirror
 v - a lightning rod (4/4)
 B - a tin of tremorstones (2/2)
 X - a phial of floods
 Z - a condenser vane


   Skills:
 - Level 14.8 Fighting
 + Level 17.5 Axes
 - Level 7.1 Throwing
 - Level 13.3 Armour
 - Level 10.7 Dodging
 - Level 13.4 Shields
 - Level 8.1 Evocations


You had 14 spell levels left.
You didn't know any spells.
Your spell library contained the following spells:

 Spells                   Type           Power      Damage    Failure   Level
 Apportation              Tloc           0%         N/A       99%         1
 Foxfire                  Conj/Fire      0%         2x1d4     99%         1
 Magic Dart               Conj           0%         1d3       99%         1
 Necrotise                Necr           0%         1d4       99%         1
 Summon Small Mammal      Summ           0%         N/A       99%         1
 Ensorcelled Hibernation  Hex/Ice        0%         N/A       100%        2
 Passwall                 Tmut/Erth      0%         N/A       100%        2
 Searing Ray              Conj           0%         2d4       100%        2
 Sublimation of Blood     Necr           0%         N/A       100%        2
 Wereblood                Tmut           0%         N/A       100%        2
 Dazzling Flash           Conj/Hex       0%         N/A       100%        3
 Gell's Gravitas          Tloc           0%         N/A       100%        3
 Mephitic Cloud           Conj/Pois/Air  0%         N/A       100%        3
 Spider Form              Tmut/Pois      0%         N/A       100%        3
 Swiftness                Air            0%         N/A       100%        3
 Teleport Other           Tloc           0%         N/A       100%        3
 Anguish                  Hex/Necr       0%         N/A       100%        4
 Animate Armour           Summ/Erth      0%         N/A       100%        4
 Fulminant Prism          Conj/Hex       0%         3d6       100%        4
 Iskenderun's Mystic Bla  Conj/Tloc      0%         2d3       100%        4
 Blade Hands              Tmut           0%         N/A       100%        5
 Summon Forest            Summ/Tloc      0%         N/A       100%        5
 Death Channel            Necr           0%         N/A       100%        6
 Dispersal                Tloc           0%         N/A       100%        6
 Eringya's Noxious Bog    Tmut/Pois      0%         N/A       100%        6
 Iron Shot                Conj/Erth      0%         9d1       100%        6
 Simulacrum               Ice/Necr       0%         N/A       100%        6
 Starburst                Conj/Fire      0%         6d3       100%        6
 Haunt                    Necr/Summ      0%         N/A       100%        7
 Summon Hydra             Summ           0%         N/A       100%        7


Dungeon Overview and Level Annotations

Branches:
Dungeon (14/15)            Temple (1/1) D:5            Lair (5/5) D:9
 Shoals (0/4) Lair:2       Spider (0/4) Lair:3        Slime (0/5) Lair:5
    Orc (2/2) D:10            Elf (1/3) Orc:2        Vaults (0/5) D:13
  Sewer (visited)          Bailey (visited)

Altars:
Ashenzari
Cheibriados
Dithmenos
Elyvilon
Fedhas
Gozag
Hepliaklqana
Kikubaaqudgha
Makhleb
Nemelex Xobeh
Okawaru
Qazlal
Ru
Sif Muna
Trog
Uskayaw
Vehumet
Wu Jian
Xom
Yredelemnul
Zin
The Shining One
Jiyva

Shops:
D:2 (   D:8 *   D:9 :   D:10 =(   Orc:2 (*[*[

Portals:
Trove: D:11 (give +3 storm dragon scales)

Annotations:
D:5 1 transporter


Innate Abilities, Weirdness & Mutations

You have a pair of horns on your head.
You reflexively headbutt those who attack you in melee.


Message History

As you read the scroll of teleportation, it crumbles to dust.
You feel strangely unstable. You block the sun demon's attack. x2
The sun demon barely misses you. You furiously retaliate!
You headbutt the sun demon.
The demonspawn black sun hits you but does no damage.
You are too injured to fight recklessly!
Unknown command.
You slash the sun demon!
You kill the sun demon!
Trog accepts your kill.
You hit the sun demon but do no damage. You slash the sun demon!
The sun demon hits you but does no damage.
Unknown command.
You barely miss the sun demon. Your headbutt misses the sun demon.
The sun demon is lightly wounded.
You hit the sun demon. You barely miss the sun demon.
You block the sun demon's attack.
You block the demonspawn black sun's attack.
The sun demon hits you!!
A hell rat scurries out from under your cloak.
You are engulfed in flames!
* * * LOW HITPOINT WARNING * * *
You feel as though you will be weak longer.
You block the sun demon's attack.
You closely miss the sun demon.
You headbutt the sun demon, but do no damage.
The sun demon is lightly wounded.
You slash the sun demon! You hit the sun demon but do no damage.
You block the sun demon's attack.
The demonspawn black sun hits you from afar with a +2 demon trident of flaming.
* * * LOW HITPOINT WARNING * * *
The demonspawn black sun burns you.
* * * LOW HITPOINT WARNING * * *
You feel your power leaking away.
The sun demon hits you but does no damage.
The sun demon hits you!
* * * LOW HITPOINT WARNING * * *
A hell rat scurries out from under your cloak.
You are engulfed in flames!
You die...

.......# #.......................
.......###...................:...
.................................
......................(...#......
........###.......☼#####○........
........# #.###..☼##...##☼.......
.....:..# #.# ##r##.....##.......
........# #.# #3#6.###. #.......
........# #.# #@3X.#?∩. #.......
........# #.# #3#x.###. #.......
........# #.# #r##.....##.......
........# #.# #.☼##...##°.......
#####...###.# #..○#####§........
#.......#####.........#......
#.............####...##......
#........###..# #..###..####
#........# #..# #..# #..# #


You could see a demonspawn black sun (black mark), 3 sun demons, a large
abomination (black mark), a small abomination (black mark) and 2 friendly hell
rats.

Vanquished Creatures
  A rakshasa (D:14)
  9 hydras
  5 centaur warriors
  Erolcha (D:11)
  5 boulder beetles
  An ogre mage (D:13)
  Erica (Lair:1)
  5 death yaks
  5 two-headed ogres
  2 tengu warriors (D:14)
  Urug (D:13)
  An orc high priest (Orc:2)
  A sun demon (D:14)
  Nergalle (D:10)
  Amaemon (Lair:1)
  Pikel (D:4)
  A deep elf archer (D:13)
  A necromancer (Lair:4)
  13 orc knights
  3 deep elf pyromancers
  3 orc sorcerers
  3 deep elf zephyrmancers
  8 ugly things
  21 elephants
  A manticore (D:13)
  A cyclops (D:11)
  Joseph (D:7)
  A black mamba (Lair:3)
  A torpor snail (Lair:5)
  Maurice (D:12)
  8 cane toads
  3 rime drakes
  A gargoyle (D:13)
  An orange demon (Lair:1)
  An unseen horror (D:13)
  A freezing wraith (D:12)
  9 komodo dragons
  9 trolls
  7 polar bears
  8 blink frogs
  4 hornets
  3 slime creatures (Lair:5)
  7 dream sheep
  4 culicivoras (Lair:3)
  A large abomination (D:14)
  A wyvern (Lair:4)
  14 spriggans (Lair:5)
  A shadow (D:10)
  68 yaks
  2 steam dragons
  5 basilisks
  Eustachio (D:5)
  11 vampire mosquitoes
  6 wargs
  An acid dragon (D:5)
  12 water moccasins
  5 black bears
  35 orc warriors
  4 boggarts (Lair:5)
  43 wolves
  5 ogres
  17 centaurs
  2 phantoms
  6 kobold brigands
  Blork the orc (D:4)
  11 bullfrogs
  6 scorpions
  2 gnoll sergeants
  3 necrophages
  4 killer bees
  3 electric eels
  5 jellies
  5 hounds
  3 gnoll boudas
  7 orc priests
  4 iguanas
  Jessica (D:2)
  Ijyb (D:4)
  13 orc wizards
  Natasha (thrice) (D:2)
  A yak simulacrum (Lair:4)
  2 small abominations (D:14)
  4 wolf simulacra (Lair:4)
  3 polar bear simulacra (Lair:4)
  9 adders
  25 gnolls
  A river rat (Sewer)
  A shadow imp (D:7)
  2 white imps
  An ufetubus (D:5)
  3 dart slugs
  66 orcs
  5 ball pythons
  5 endoplasms
  2 giant cockroaches
  8 hobgoblins
  12 jackals
  5 quokkas
  6 bats
  9 frilled lizards
  13 goblins
  17 kobolds
  14 rats
  3 river rat simulacra (Lair:4)
  A bush (Lair:3)
696 creatures vanquished.

Vanquished Creatures (collateral kills)
  A hydra (Lair:5)
  A rime drake (Lair:2)
  A cane toad (Lair:2)
  A water moccasin (Lair:1)
  An orc warrior (Bailey)
  A kobold brigand (Bailey)
  An iguana (D:5)
  An orc (D:5)
8 creatures vanquished.

Vanquished Creatures (others)
  A sky beast (D:7)
  A kobold brigand (Bailey)
  2 orcs
  29 fungi
  50 plants
83 creatures vanquished.

Grand Total: 787 creatures vanquished

Notes
Turn   | Place    | Note
-------+----------+-------------------------------------------
     0 | D:1      | soggyman666 the Minotaur Fighter began the quest for the
                  | Orb.
     0 | D:1      | Reached XP level 1. HP: 19/19 MP: 0/0
   154 | D:1      | Reached XP level 2. HP: 27/27 MP: 1/1
   193 | D:1      | Found a faded altar of an unknown god.
   198 | D:1      | Reached skill level 3 in Axes
   685 | D:2      | Reached skill level 1 in Dodging
   685 | D:2      | Reached XP level 3. HP: 28/33 MP: 2/2
   738 | D:2      | Noticed Jessica
   741 | D:2      | Found Imid's Weapon Shoppe.
   743 | D:2      | Killed Jessica
   868 | D:2      | Noticed Natasha
   876 | D:2      | Killed Natasha
   877 | D:2      | Reached skill level 4 in Axes
   877 | D:2      | Reached XP level 4. HP: 30/40 MP: 3/3
   878 | D:2      | Noticed Natasha
   886 | D:2      | Killed Natasha
  1108 | D:2      | Noticed Natasha
  1115 | D:2      | Killed Natasha
  1116 | D:2      | Reached skill level 5 in Axes
  1116 | D:2      | Reached XP level 5. HP: 46/46 MP: 4/4
  1849 | D:3      | Reached skill level 6 in Axes
  2492 | D:4      | Noticed a black bear
  2492 | D:4      | Noticed a phantom
  2493 | D:4      | Noticed a lemure
  2493 | D:4      | Noticed a lemure
  2493 | D:4      | Noticed a lemure
  2593 | D:4      | Noticed Blork the orc
  2603 | D:4      | Killed Blork the orc
  2604 | D:4      | Reached XP level 6. HP: 20/52 MP: 5/5
  2634 | D:4      | Got the Tractate on Attacks
  2653 | D:4      | Reached skill level 7 in Axes
  2741 | D:4      | Noticed Pikel
  2756 | D:4      | Found a glowing drain.
  2769 | D:4      | Killed Pikel
  2770 | D:4      | Reached skill level 10 in Axes
  2770 | D:4      | Reached XP level 7. HP: 13/59 MP: 6/6
  2777 | Sewer    | Entered a sewer
  3597 | D:4      | Reached XP level 8. HP: 65/66 MP: 7/7
  3848 | D:4      | Noticed Ijyb
  3855 | D:4      | Killed Ijyb
  4171 | D:5      | Entered Level 5 of the Dungeon
  4209 | D:5      | Reached skill level 5 in Fighting
  4209 | D:5      | Reached skill level 5 in Armour
  4209 | D:5      | Reached skill level 5 in Shields
  4749 | D:5      | Noticed Eustachio
  4778 | D:5      | Killed Eustachio
  4779 | D:5      | Reached XP level 9. HP: 69/75 MP: 8/8
  4846 | D:5      | Reached skill level 5 in Dodging
  5500 | D:5      | Found a staircase to the Ecumenical Temple.
  5525 | D:5      | Found a sparkling altar of Nemelex Xobeh.
  5525 | D:5      | Found a transporter.
  5550 | Temple   | Entered the Ecumenical Temple
  6826 | D:6      | Found a broken altar of Ashenzari.
  6886 | D:6      | Got Ziwnogo's Octavo of the Dead
  7230 | D:7      | Found a glowing silver altar of Zin.
  7231 | D:7      | Noticed an angel
  7237 | D:7      | Noticed Joseph
  7266 | D:7      | Killed Joseph
  8182 | D:8      | Found Tosemein's Neck Hole.
  8188 | D:8      | Bought the +2 ratskin cloak {*Rats rPois rN+ Str-1 Int-1
                  | Dex+1} for 361 gold pieces
  8188 | D:8      | Found the +2 ratskin cloak {*Rats rPois rN+ Str-1 Int-1
                  | Dex+1}
  8239 | D:8      | Reached XP level 10. HP: 82/86 MP: 9/9
  8440 | D:8      | Identified the +6 flail "Dyaxzy" {flame, Int+3 Dex+4}
  8443 | D:8      | Found an ornate altar of the Wu Jian Council.
  9623 | D:9      | Found Tionlon's Book Shop.
  9655 | D:9      | Found a staircase to the Lair.
  9831 | D:9      | Found a radiant altar of Vehumet.
  9845 | D:9      | Noticed a purple ugly thing
  9852 | D:9      | Killed a purple ugly thing
  9920 | D:9      | Found a glowing golden altar of the Shining One.
 10119 | D:9      | Found a sacrificial altar of Ru.
 10243 | D:9      | Found a hazy altar of Hepliaklqana.
 10243 | D:9      | Found a shimmering altar of Xom.
 10243 | D:9      | Found an ancient bone altar of Kikubaaqudgha.
 10244 | D:9      | Found a snail-covered altar of Cheibriados.
 10244 | D:9      | Found an opulent altar of Gozag.
 10245 | D:9      | Found a shadowy altar of Dithmenos.
 10246 | D:9      | Found a bloodstained altar of Trog.
 10247 | D:9      | Found a stormy altar of Qazlal.
 10250 | D:9      | Became a worshipper of Trog the Wrathful
 10252 | D:9      | Found a burning altar of Makhleb.
 10460 | D:10     | Entered Level 10 of the Dungeon
 10483 | D:10     | Found a flagged portal.
 10505 | Bailey   | Entered a bailey
 10889 | Bailey   | Identified the ring of the Clam {+Blink rPois}
 11004 | Bailey   | Found a bloodstained altar of Trog.
 11068 | D:10     | Reached * piety under Trog
 11071 | D:10     | Found Tuax's Antique Weapon Boutique.
 11124 | D:10     | Reached XP level 11. HP: 94/97 MP: 10/10
 11349 | D:10     | Found Wubea's Jewellery Emporium.
 11422 | D:10     | Found a staircase to the Orcish Mines.
 11536 | D:10     | Noticed a two-headed ogre
 11543 | D:10     | Killed a two-headed ogre
 11619 | D:10     | Noticed a four-headed hydra
 11625 | D:10     | Killed a four-headed hydra
 11625 | D:10     | Reached ** piety under Trog
 12075 | Lair:1   | Entered Level 1 of the Lair of Beasts
 12085 | Lair:1   | Reached skill level 10 in Shields
 12088 | Lair:1   | Reached skill level 10 in Fighting
 12088 | Lair:1   | Reached skill level 10 in Armour
 12281 | Lair:1   | Noticed Erica
 12313 | Lair:1   | Killed Erica
 12676 | Lair:1   | Reached skill level 11 in Axes
 12791 | Lair:1   | Reached *** piety under Trog
 13042 | Lair:1   | Noticed Amaemon
 13063 | Lair:1   | Killed Amaemon
 13064 | Lair:1   | Reached skill level 10 in Dodging
 13212 | Lair:1   | Noticed a four-headed hydra
 13222 | Lair:1   | Killed a four-headed hydra
 13223 | Lair:1   | Reached XP level 12. HP: 104/108 MP: 11/11
 13694 | Lair:2   | Reached skill level 1 in Evocations
 13951 | Lair:2   | Found a staircase to the Shoals.
 14147 | Lair:2   | Noticed a five-headed hydra
 14160 | Lair:2   | Killed a five-headed hydra
 14193 | Lair:2   | Reached skill level 5 in Evocations
 14223 | Lair:2   | You are sucked into a shaft and drop 2 floors!
 14882 | Lair:3   | Reached **** piety under Trog
 14979 | Lair:2   | Noticed a four-headed hydra
 14989 | Lair:2   | Killed a four-headed hydra
 15079 | Lair:2   | Noticed an eight-headed hydra
 15091 | Lair:2   | Killed an eight-headed hydra
 15092 | Lair:2   | Reached skill level 12 in Axes
 15562 | Lair:2   | Reached XP level 13. HP: 117/117 MP: 12/12
 16030 | Lair:3   | Found a hole to the Spider Nest.
 16045 | Lair:3   | Reached skill level 1 in Throwing
 16277 | Lair:3   | Identified a scroll of acquirement
 16278 | Lair:3   | Acquired a +2 pair of boots of flying
 16618 | Lair:3   | Reached ***** piety under Trog
 16619 | Lair:3   | Reached skill level 5 in Throwing
 18309 | Orc:1    | Entered Level 1 of the Orcish Mines
 18309 | Orc:1    | Noticed Nergalle
 18324 | D:10     | Killed Nergalle
 18326 | Orc:1    | Paralysed by an orc sorcerer for 5 turns
 19050 | Orc:2    | Entered Level 2 of the Orcish Mines
 19058 | Orc:2    | Found Nala's Armour Emporium.
 20312 | Orc:2    | Reached ****** piety under Trog
 20366 | Orc:2    | Found a staircase to the Elven Halls.
 20638 | Orc:2    | Received a gift from Trog
 20770 | Orc:2    | Reached XP level 14. HP: 89/126 MP: 13/13
 21005 | Orc:2    | Reached skill level 13 in Axes
 21483 | Orc:2    | Found Vuwinuic's General Store.
 21483 | Orc:2    | Found Myxaly's Weapon Shop.
 21499 | Orc:2    | Bought a scroll of teleportation for 30 gold pieces
 21844 | Orc:2    | Found Olemaol's Antique Armour Shoppe.
 21844 | Orc:2    | Found Ezidupn's Assorted Antiques.
 21856 | Orc:2    | Bought a shiny kite shield for 150 gold pieces
 21856 | Orc:2    | Bought a pair of embroidered gloves for 150 gold pieces
 22130 | Elf:1    | Entered Level 1 of the Elven Halls
 22335 | Lair:5   | Entered Level 5 of the Lair of Beasts
 22626 | Lair:4   | Reached skill level 14 in Axes
 23164 | Lair:5   | Reached skill level 15 in Axes
 23186 | Lair:5   | Found a viscous altar of Jiyva.
 23219 | Lair:5   | Received a gift from Trog
 23541 | Lair:5   | Found a staircase to the Slime Pits.
 23610 | Lair:5   | Reached skill level 16 in Axes
 25055 | D:11     | Noticed Erolcha
 25060 | D:11     | Killed Erolcha
 25578 | D:11     | Reached XP level 15. HP: 117/136 MP: 14/14
 25822 | D:11     | Found a portal to a secret trove of treasure.
 26128 | D:10     | Bought an amulet of regeneration for 480 gold pieces
 26398 | D:12     | Noticed Maurice
 26401 | D:12     | Killed Maurice
 26909 | D:13     | Received a gift from Trog
 27260 | D:13     | Noticed Urug
 27270 | D:13     | Killed Urug
 27656 | D:13     | Found a gate to the Vaults.
 27825 | D:14     | Reached skill level 17 in Axes
 28098 | D:14     | HP: 6/134 [sun demon (14)]
 28098 | D:14     | Slain by a sun demon

Illustrated notes

Levels and vault maps discovered:
D:1:      lightli_arrival_chessboard, layout_loops_ring,
          dreamdust_ecumenical_altar_statues
D:2:      layout_loops_ring, serial_shops, nicolae_shop_bloodbath_and_beyond,
          uniq_jessica, uniq_natasha
D:3:      layout_loops_ring
D:4:      layout_rooms, portal_sewer_entry_d, uniq_pikel, uniq_blork_the_orc,
          uniq_ijyb
D:5:      cheibrodos_fzero, layout_layer_cave, grunt_nemelex_the_gamble,
          minmay_temple_entry_statues, uniq_eustachio
D:6:      layout_layer_cave, mainiacjoe_overflow_paths
D:7:      layout_rooms, zin_angel, minivault_26, uniq_joseph
D:8:      layout_loops_corners, kennysheep_mini, minmay_liquid_box,
          dk_vineyard_1, nicolae_shop_sticking_my_neck_out
D:9:      layout_loops_ring, nicolae_vehumet_radiance,
          nicolae_ru_sacrificial_ziggurat, minitemple, dpeg_oklobed_lair,
          serial_shops, shop
D:10:     layout_cave_pools, david_orc_2, serial_gnoll_camp,
          gnoll_camp_mini_shop, gnoll_camp_mini_shop, gnoll_camp_mini_basic,
          gnoll_camp_mini_basic, enter_bailey_5, nicolae_kite_square_tiling_tiny
D:11:     layout_irregular_city, enter_trove_6, uniq_erolcha
D:12:     layout_gridville, uniq_maurice
D:13:     layout_cave_pools, hangedman_vaults_entry_quadrant_bands, uniq_urug
D:14:     dreamdust_black_sun_cult, layout_long_grid,
          hangedman_decor_peaks_small
Temple:   nicolae_temple_ecumenical_triangle
Lair:1:   layout_cave_pods, cheibrodos_lair_reptile_den, uniq_erica,
          uniq_amaemon
Lair:2:   layout_chaotic_city, elwin_shoals_entry_rocks,
          nicolae_quartered_pool_impasse, grunt_megastairs_2,
          serial_bayou_shore_a
Lair:3:   layout_chaotic_city, hellmonk_spider_entry_life_and_decay
Lair:4:   layout_cave_pods, eino_house_with_fridge, infiniplex_staircase_pool_2
Lair:5:   minmay_lair_end_enchanted_forest, layout_regular_city,
          minmay_slime_entry_pillars, lemuel_fruit_tree
Orc:1:    layout_caves, uniq_nergalle
Orc:2:    st_orc_town, layout_diamond_mine, serial_shops,
          nicolae_shop_statue_plus, rock_pile
Elf:1:    minmay_the_grid_triangle_9x9_recursive_3
          [minmay_the_grid_triangle_9x9_sprig,
          minmay_the_grid_triangle_9x9_empty,
          minmay_the_grid_triangle_9x9_shrine,
          minmay_the_grid_triangle_9x9_prize_center,
          minmay_the_grid_triangle_9x9_stretched_checkered,
          minmay_the_grid_triangle_9x9_empty,
          minmay_the_grid_triangle_9x9_zippers_horizontal,
          minmay_the_grid_triangle_9x9_odd_lines,
          minmay_the_grid_triangle_9x9_limited_checkers], layout_geoelf_octagon,
          evilmike_minifort, lemuel_upstairs_altar

Skill      XL: |  1  2  3  4  5  6  7  8  9 10 11 12 13 14 15 |
---------------+----------------------------------------------+-----
Axes           | 3 4 5 6 10 11 12 16 17 | 17.5
Dodging        | 1 4 7 8 10 | 10.7
Fighting       | 4 5 7 9 10 11 12 13 14 | 14.8
Armour         | 4 5 7 9 10 11 13 | 13.3
Shields        | 4 5 7 9 10 11 13 | 13.4
Evocations     | 6 7 8 |  8.1
Throwing       | 5 6 7 |  7.1

Action                   |  1- 3 |  4- 6 |  7- 9 | 10-12 | 13-15 || total
-------------------------+-------+-------+-------+-------+-------++-------
Melee: War axe           |    55 |   102 |   211 |   537 |  1076 ||  1981
       Headbutt          |     7 |    10 |    37 |   142 |   340 ||   536
       Flail             |       |       |       |    25 |   137 ||   162
       Broad axe         |       |       |       |       |    28 ||    28
Throw: Dart              |       |       |       |     6 |     3 ||     9
       Javelin           |       |       |       |     4 |     5 ||     9
Invok: Trog's Hand       |       |       |       |       |     3 ||     3
 Abil: Evoke Blink       |       |       |       |       |     1 ||     1
Evoke: Wand              |       |       |       |     4 |    14 ||    18
       Tin of tremorston |       |       |       |       |     4 ||     4
  Use: Scroll            |     2 |     2 |    15 |    13 |    17 ||    49
       Potion            |       |       |    10 |     2 |     1 ||    13
 Stab: Distracted        |       |       |     1 |       |     1 ||     2
       Invisible         |       |       |       |     7 |       ||     7
Armor: Scale mail        |    22 |    62 |    24 |       |       ||   108
       Ring mail         |       |       |    17 |       |       ||    17
       Acid dragon scale |       |       |    13 |       |       ||    13
       Plate armour      |       |       |     1 |   241 |   492 ||   734
Dodge: Dodged            |    37 |    49 |   115 |   224 |   415 ||   840
Block: Buckler           |    11 |    19 |    31 |       |       ||    61
       Kite shield       |       |       |    39 |   546 |  1180 ||  1765
